 Dungeon Crawl Stone Soup version 0.32-a0-834-geaf45d8e21 (webtiles) character file.

Game seed: 9641472744920582348

821 ytrimaz the Changeling (level 7, -2/43 HPs)
             Began as an Octopode Shapeshifter on Mar 25, 2024.
             Was an Initiate of Ashenzari.
             Killed from afar by Dowan (13 damage)
             ... with a stone arrow
             ... on level 5 of the Dungeon.
             The game lasted 00:05:17 (3659 turns).

ytrimaz the Changeling (Octopode Shapeshifter)      Turns: 3659, Time: 00:05:17

Health: -2/43      AC:  1    Str: 14    XL:     7   Next: 95%
Magic:  7/7        EV: 27    Int: 14    God:    Ashenzari [......]
Gold:   285        SH:  0    Dex: 11    Spells: 6/6 levels left

rFire   + .          .
                       - Unarmed
rCold   . . .        (no shield)
rNeg    . . .        (helmet currently unavailable)
rPois   .            m - amulet of the acrobat
rElec   .            n - ring of the Esoteric Comet {Wiz, Melee, Comp} (curse)
rCorr   .            e - ring of protection from fire
SInv    .            (no ring)
Will    .....        (no ring)
Stlth   ++           (no ring)
HPRegen 0.27/turn    (no ring)
MPRegen 0.10/turn    (no ring)
                     (no ring)

%: acrobat, wizardry (x1)
@: beast-form, acrobatic
A: beast (slay +4), almost no armour, amphibious, 8 rings, camouflage 1,
gelatinous body 1, (nimble swimmer 1), tentacles
a: Begin Untransformation, Renounce Religion, Curse Item, Shatter the Chains


You were on level 5 of the Dungeon.
You worshipped Ashenzari.
Ashenzari was noncommittal.
You were a hulking beast.
You visited 1 branch of the dungeon, and saw 5 of its levels.

You collected 285 gold pieces.


Innate Abilities, Weirdness & Mutations

You are a hulking beast.
Your limbs bulge with bestial killing power. (Slay +4)
You cannot wear most types of armour.
You are amphibious.
You can wear up to eight rings at the same time.
Your skin changes colour to match your surroundings (Stealth+).
Your rubbery body absorbs attacks. (AC +1, EV +1)
((You are camouflaged when in or above water. (Stealth+)))
You have tentacles for arms and can constrict up to eight enemies at once.


   Skills:
 - Level 1.0 Fighting
 - Level 2.0 Dodging
 + Level 5.7(6.1) Unarmed Combat
 * Level 7.1 Shapeshifting


You had 6 spell levels left.
You didn't know any spells.
Your spell library contained the following spells:

 Spells                   Type           Power      Damage    Failure   Level
 Leda's Liquefaction      Alch/Erth      0%         N/A       71%         4
 Petrify                  Alch/Erth      0%         N/A       71%         4
 Metabolic Englaciation   Hex/Ice        0%         N/A       95%         5

Inventory:

Jewellery
 e - a ring of protection from fire (right tentacle)
   (You found it on level 3 of the Dungeon)
 h - an amulet of guardian spirit
   (You found it on level 1 of the Dungeon)
 m - an amulet of the acrobat (around mantle)
   (You found it on level 4 of the Dungeon)
 n - the cursed ring of the Esoteric Comet (left tentacle) {Wiz, Melee, Comp}
   (You found it on level 2 of the Dungeon)

   [ring of wizardry]

   Wiz:       It improves your spell success rate.
   It has a curse which improves the following skills: Melee Combat: Short
   Blades, Long Blades, Axes, Maces & Flails, Polearms, Staves and Unarmed
   Combat.
   Companions: Summonings and Necromancy.
Talismans
 b - a beast talisman (active)
 c - a flux talisman
Scrolls
 d - a scroll of blinking
 g - a scroll of identify
 i - 2 scrolls of vulnerability
 j - 2 scrolls of enchant weapon
 l - 2 scrolls of teleportation
Potions
 f - 3 potions of brilliance

Dungeon Overview and Level Annotations

Branches:
Dungeon (5/15) Zot: 26364
 Temple: D:4-7

Altars:
Ashenzari
Sif Muna
Wu Jian

Annotations:
D:5 Dowan, Sigmund

.... ##.##...........# .##
.....###...##............
#.........####...........
#.....#.ยง..###....#.......
#.....#.#..#โ€
....###.......
ee..>...##........# #####
.........##..โ€ ...##
..........####e..#
...........).h)..#
.!...............#
............#...##
.#..........#####
##.........# .......##
....... ....###


You could see Dowan (fast).


Message History

๐Ÿ˜จ HP[-5]
You take 5 damage, and now have 17/43 hp.
Unknown command.
You tentacle-slap Duvessa. You squeeze Duvessa.
You kill Duvessa!
Dowan seems overcome with grief.
Dowan seems to find hidden reserves of power!
Dowan gestures wildly while chanting.
Dowan blinks!
The scorpion stings you!
* * * LOW HITPOINT WARNING * * *
You are poisoned.
The scorpion poisons you!
Your Shapeshifting skill increases to level 7! ๐Ÿ˜ฑ HP[-7]
You take 7 damage, and now have 10/43 hp.
Unknown command.
You tentacle-slap the scorpion but do no damage.
You grab the scorpion. You squeeze the scorpion! You constrict the scorpion.
* * * LOW HITPOINT WARNING * * *
You feel very sick. The scorpion stings you!
* * * LOW HITPOINT WARNING * * *
๐Ÿ˜ฑ HP[-9]
You take 9 damage, and now have 1/43 hp.
MASSIVE DAMAGE!! (PAUSE) Unknown command.
It was a potion of curing.
You feel better.
You constrict the scorpion. The scorpion completely misses you.
Dowan casts a spell.
Dowan blinks! ๐Ÿ˜ฑ HP[+9]
You regained 9 hp, and now have 10/43 hp.
Unknown command.
You tentacle-slap the scorpion but do no damage.
You squeeze the scorpion. You constrict the scorpion.
You kill the scorpion!
Unknown command.
You see here a scorpion corpse.
You start resting.
Dowan is nearby! ๐Ÿ˜จ HP[+1]
The orc shouts!
Dowan casts a spell.
Dowan blinks!
Things that are here:
a +2 short sword of protection; a +0 chain mail You are no longer glowing.
You see here a scorpion corpse. ๐Ÿ˜จ HP[+1]
You start resting.
Dowan gestures wildly while chanting.
Dowan blinks!
A dart slug comes into view.
Dowan gestures wildly while chanting.
Dowan blinks!
You bludgeon the orc!
You kill the orc!
The dart slug launches a dart at you. The slug dart misses you.
You see here a scorpion corpse. ๐Ÿ˜จ HP[+1]
You start resting.
Dowan casts a spell.
Dowan blinks! ๐Ÿ˜จ HP[+1]
You see here a scorpion corpse. ๐Ÿ˜จ HP[+1]
The orc shouts!
The dart slug closely misses you.
You tentacle-slap the dart slug. You grab the dart slug.
You constrict the dart slug. The dart slug launches a dart at you.
The slug dart hits you.
* * * LOW HITPOINT WARNING * * *
๐Ÿ˜จ HP[-4]
You take 4 damage, and now have 11/43 hp.
You tentacle-slap the dart slug.
You kill the dart slug!
Dowan mumbles some strange words.
Dowan blinks!
Things that are here:
a +0 club; a dart slug corpse; an orc corpse ๐Ÿ˜จ HP[+1]
The orc completely misses you.
You tentacle-slap the orc. Your grab misses the orc.
The orc hits you with a +2 heavy flail.
* * * LOW HITPOINT WARNING * * *
๐Ÿ˜ฑ HP[-2]
You take 2 damage, and now have 10/43 hp.
You bludgeon the orc!
You kill the orc!
Unknown command.
Things that are here:
a +2 heavy flail; an orc corpse; ๐Ÿ˜จ HP[+1]
You start resting.
Dowan is nearby!
Dowan completely misses you. Dowan casts a spell at you.
The stone arrow hits you!
You die...

Skill      XL: |  1  2  3  4  5  6  7 |
---------------+----------------------+-----
Shapeshifting  | 4 5 6 7 |  7.1
Unarmed Combat | 4 5 |  5.7
Fighting       | |  1.0
Dodging        | |  2.0

Action                     |  1- 3 |  4- 6 |  7- 9 || total
---------------------------+-------+-------+-------++-------
  Melee: Unarmed           |    36 |   132 |    35 ||   203
         Constrict         |    11 |    36 |     9 ||    56
         Tentacles         |    11 |    26 |    13 ||    50
         Punch             |     1 |     4 |     2 ||     7
 Invoke: Curse Item        |       |     1 |       ||     1
    Use: Potion            |       |     9 |     1 ||    10
         Scroll            |       |     4 |       ||     4
   Stab: Sleeping          |     3 |     2 |     3 ||     8
 Armour: Skin              |     7 |    95 |    14 ||   116
  Dodge: Dodged            |    13 |    86 |    25 ||   124

Levels and vault maps discovered:
D:1:      evilmike_arrival_hilbert_curve, layout_basic
D:2:      layout_basic, uniq_natasha, uniq_jessica
D:3:      layout_loops_ring, mainiacjoe_overflow_swirl,
          shapermc_ecumenical_altar_totnotflames, corner_web_ring, uniq_robin
D:4:      layout_cave_pools, old_standard_altar
D:5:      layout_cave_pools, uniq_sigmund, uniq_blork_the_orc, uniq_duvessa

Notes
Turn   | Place    | Note
-------+----------+-------------------------------------------
     0 | D:1      | ytrimaz the Octopode Shapeshifter began the quest for the
                  | Orb.
     0 | D:1      | Reached XP level 1. HP: 13/13 MP: 1/1
     0 | D:1      | magus.rc [v1.9.6]
    83 | D:1      | Reached XP level 2. HP: 9/18 MP: 2/2
   290 | D:1      | You pick up a book of Sloth and begin reading...
   290 | D:1      | You add the spells Leda's Liquefaction, Petrify and
                  | Metabolic Englaciation to your library.
   424 | D:1      | Reached XP level 3. HP: 19/23 MP: 1/3
   635 | D:2      | Noticed Jessica
   642 | D:2      | Killed Jessica
   643 | D:2      | Reached skill level 4 in Shapeshifting
   647 | D:2      | Noticed Natasha
   650 | D:2      | Killed Natasha
   651 | D:2      | Reached XP level 4. HP: 28/28 MP: 4/4
   859 | D:2      | Noticed Natasha
   869 | D:2      | Killed Natasha
   869 | D:2      | HP: 7/28 [adder (4)]
   870 | D:2      | Reached skill level 4 in Unarmed Combat
   870 | D:2      | Reached XP level 5. HP: 9/33 MP: 0/5
   874 | D:2      | HP: 7/49 [poisoned by an adder]
  1014 | D:2      | Noticed Natasha
  1025 | D:2      | Killed Natasha
  1551 | D:3      | Found an ornate altar of the Wu Jian Council.
  1589 | D:3      | Found a broken altar of Ashenzari.
  1608 | D:3      | Noticed Robin
  1612 | D:3      | Reached skill level 5 in Shapeshifting
  1626 | D:3      | HP: 6/33 [goblin/+0 dagger[Robin] (4)]
  1629 | D:3      | HP: 1/33 [Robin/+0 spear (3)]
  1634 | D:3      | Killed Robin
  1808 | D:3      | Became a worshipper of Ashenzari the Shackled
  1843 | D:3      | Found a faded altar of an unknown god.
  1924 | D:3      | Reached XP level 6. HP: 15/38 MP: 4/6
  2975 | D:4      | Identified the +6 hand axe of Radicalism {freeze, Fly rElec
                  | rPois Int-5}
  3022 | D:4      | Reached skill level 6 in Shapeshifting
  3267 | D:4      | Reached skill level 5 in Unarmed Combat
  3267 | D:4      | Reached XP level 7. HP: 41/43 MP: 7/7
  3277 | D:4      | Found a shimmering blue altar of Sif Muna.
  3383 | D:4      | Identified the +2 plate armour "Zayxt" {+Blink rElec rF-
                  | Int-5}
  3388 | D:5      | Entered Level 5 of the Dungeon
  3601 | D:5      | Noticed Sigmund
  3601 | D:5      | Noticed Dowan
  3603 | D:5      | Noticed Duvessa
  3628 | D:5      | Killed Duvessa
  3628 | D:5      | HP: 10/43 [scorpion (7)]
  3629 | D:5      | Reached skill level 7 in Shapeshifting
  3629 | D:5      | HP: 1/43 [scorpion (7)]
  3654 | D:5      | HP: 10/43 [orc/+2 heavy flail (2)]
  3659 | D:5      | Killed from afar by Dowan

Vanquished Creatures
  Duvessa (D:5)
  An ogre (D:5)
  2 scorpions (D:5)
  A bombardier beetle (D:4)
  2 orc priests (D:4)
  A jelly (D:5)
  Jessica (D:2)
  Natasha (thrice) (D:2)
  3 orc wizards
  Robin (D:3)
  4 gnolls (D:3)
  4 adders
  A white imp (D:5)
  2 ribbon worms
  2 dart slugs
  16 orcs
  5 bats
  5 endoplasms
  A giant cockroach (D:1)
  8 hobgoblins
  5 jackals
  6 quokkas
  4 ball pythons
  8 frilled lizards
  19 goblins
  2 kobolds
  7 rats
115 creatures vanquished.

Table legend:
 A = Non-vault XP
 B = Vault XP
 C = Vault XP percentage of total XP
 D = Non-vault monster count
 E = Vault monster count
 F = Vault count percentage of total count
                 A         B        C        D         E       F
            +---------+---------+-------+---------+---------+-------
      Total |     918 |     256 |  21.8 |     100 |      15 |  13.0
            +---------+---------+-------+---------+---------+-------
        D:1 |      34 |       0 |   0.0 |      20 |       0 |   0.0
        D:2 |     136 |      73 |  34.9 |      27 |       2 |   6.9
        D:3 |     125 |      36 |  22.4 |      21 |      12 |  36.4
        D:4 |     253 |       0 |   0.0 |      19 |       0 |   0.0
        D:5 |     370 |     147 |  28.4 |      13 |       1 |   7.1
            +---------+---------+-------+---------+---------+-------

Skill      XL: |  1  2  3  4  5  6  7 |
---------------+----------------------+-----
Shapeshifting  | 4 5 6 7 |  7.1
Unarmed Combat | 4 5 |  5.7
Fighting       | |  1.0
Dodging        | |  2.0

Action                     |  1- 3 |  4- 6 |  7- 9 || total
---------------------------+-------+-------+-------++-------
  Melee: Unarmed           |    36 |   132 |    35 ||   203
         Constrict         |    11 |    36 |     9 ||    56
         Tentacles         |    11 |    26 |    13 ||    50
         Punch             |     1 |     4 |     2 ||     7
 Invoke: Curse Item        |       |     1 |       ||     1
    Use: Potion            |       |     9 |     1 ||    10
         Scroll            |       |     4 |       ||     4
   Stab: Sleeping          |     3 |     2 |     3 ||     8
 Armour: Skin              |     7 |    95 |    14 ||   116
  Dodge: Dodged            |    13 |    86 |    25 ||   124

Illustrated notes

Table legend:
 A = Kills in this place as a percentage of kills in the entire game.
 B = Kills by you in this place as a percentage of kills by you in the entire game.
 C = Kills by friends in this place as a percentage of kills by friends in the entire game.
 D = Other kills in this place as a percentage of other kills in the entire game.
 E = Experience gained in this place as a percentage of experience gained in the entire game.
 F = Experience gained in this place divided by the number of levels of this place that you have seen.
                   A       B       C       D       E      F
               +-------+-------+-------+-------+-------+----------------------
         Total | 100.0 | 100.0 |   N/A |   N/A | 100.0 | 234.8
       Dungeon | 100.0 | 100.0 |   N/A |   N/A | 100.0 | 234.8
               +-------+-------+-------+-------+-------+----------------------

Table legend: (Time is in decaauts)
 A = Elapsed time spent in this place.
 B = Non-inter-level travel time spent in this place.
 C = Inter-level travel time spent in this place.
 D = Time resting spent in this place.
 E = Time spent auto-exploring this place.
 F = Levels seen in this place.
 G = Mean time per level.
                   A        B        C        D        E       F      G
               +--------+--------+--------+--------+--------+-----+--------+
         Total |   3634 |   3422 |    212 |    392 |   2337 |   5 |  726.8 |
       Dungeon |   3634 |   3422 |    212 |    392 |   2337 |   5 |  726.8 |
               +--------+--------+--------+--------+--------+-----+--------+

Top non-repeatable levels by time:
     D:3: 1264 daAuts
     D:2: 957 daAuts
     D:4: 729 daAuts
     D:1: 529 daAuts
     D:5: 154 daAuts
